TOP OF THE 1ST |
So Cal Bruins batting - Pitching for New Orleans Looters : LHP Holden Clark
|
Pitching: LHP Holden Clark
|
|
Batting: RHB William Richardson
|
0-0: Ball 1-0: Foul Ball, location: 2F 1-1: Foul Ball, location: 2F 1-2: Ball 2-2: Fly out, F8 (Flyball, 8RM)
|
Batting: RHB Greg King
|
0-0: Called Strike 0-1: Ball 1-1: Called Strike 1-2: Ball 2-2: Foul Ball, location: 2F 2-2: Foul Ball, location: 2F 2-2: Foul Ball, location: 2F 2-2: Foul Ball, location: 2F 2-2: Ground out 1-3 (Groundball, 13)
|
Batting: LHB José Antonio Santiago
|
0-0: Ball 1-0: Called Strike 1-1: Called Strike 1-2: Ball 2-2: SINGLE (Line Drive, 89M)
|
Batting: RHB Earl Wiggins
|
0-0: Called Strike 0-1: Ball 1-1: Ball 2-1: Foul Ball, location: 2F 2-2: SINGLE (Groundball, 56D) José Antonio Santiago to second
|
Batting: SHB Martín De Jesús
|
0-0: Called Strike 0-1: Foul Ball, location: 2F 0-2: Ground out 4-3 (Groundball, 4M)
|
Top of the 1st over - 0 runs, 2 hits, 0 errors, 2 left on base; So Cal 0 - New Orleans 0 |
BOTTOM OF THE 1ST |
New Orleans Looters batting - Pitching for So Cal Bruins : RHP Riley Johnston
|
Pitching: RHP Riley Johnston
|
|
Batting: LHB Miguel Colón
|
0-0: Ball 1-0: Ball 2-0: SINGLE (Line Drive, 7S)
|
Batting: LHB Eduardo Rodríguez
|
0-0: Called Strike 0-1: Ball 1-1: Swinging Strike 1-2: Fly out, F9 (Flyball, 9)
|
Batting: SHB Arturo Sánchez
|
0-0: Ball 1-0: Called Strike 1-1: Swinging Strike 1-2: Fly out, F4 (Line Drive, 4)
|
Batting: LHB Taylor Smith
|
0-0: Ball 1-0: Foul Ball, location: 2F 1-1: Fly out, F7 (Flyball, 7LM)
|
Bottom of the 1st over - 0 runs, 1 hit, 0 errors, 1 left on base; So Cal 0 - New Orleans 0 |
TOP OF THE 2ND |
So Cal Bruins batting - Pitching for New Orleans Looters : LHP Holden Clark
|
Batting: RHB Pedro Mata
|
0-0: Swinging Strike 0-1: Ball 1-1: Ball 2-1: DOUBLE (Line Drive, 7LS)
|
Batting: RHB Augusto Trevino
|
0-0: Ball 1-0: Ball 2-0: DOUBLE (Line Drive, 9LD) Pedro Mata scores
|
Batting: RHB José Delgado
|
0-0: Called Strike 0-1: Fly out, F3 (Popup, 3L)
|
Batting: SHB Ken Hernández
|
0-0: Ball 1-0: Swinging Strike 1-1: Ball 2-1: Fly out, F5 (Popup, 5S)
|
Batting: RHB William Richardson
|
0-0: Foul Ball, location: 2F 0-1: Ball 1-1: Ball 2-1: Swinging Strike 2-2: Foul Ball, location: 2F 2-2: Ball 3-2: Strikes out swinging
|
Top of the 2nd over - 1 run, 2 hits, 0 errors, 1 left on base; So Cal 1 - New Orleans 0 |
BOTTOM OF THE 2ND |
New Orleans Looters batting - Pitching for So Cal Bruins : RHP Riley Johnston
|
Batting: SHB Oliver Deleón
|
0-0: Ball 1-0: Ball 2-0: Foul Ball, location: 2F 2-1: Fly out, F4 (Line Drive, 4)
|
Batting: RHB Ramón Hernández
|
0-0: Ball 1-0: Ball 2-0: Foul Ball, location: 2F 2-1: Foul Ball, location: 2F 2-2: Foul Ball, location: 2F 2-2: Ball 3-2: Foul Ball, location: 2F 3-2: DOUBLE (Line Drive, 7LM)
|
Batting: LHB John Hudson
|
0-0: Foul Ball, location: 2F 0-1: Ball 1-1: Called Strike 1-2: Ball 2-2: Ball 3-2: Foul Ball, location: 2F 3-2: Base on Balls
|
Batting: RHB Tim Gardner
|
0-0: Swinging Strike 0-1: Ball 1-1: Fly out, F8 (Flyball, 78M)
|
Batting: RHB Run-ming Zhu
|
0-0: Ground out 6-3 (Groundball, 6M)
|
Bottom of the 2nd over - 0 runs, 1 hit, 0 errors, 2 left on base; So Cal 1 - New Orleans 0 |
TOP OF THE 3RD |
So Cal Bruins batting - Pitching for New Orleans Looters : LHP Holden Clark
|
Batting: RHB Greg King
|
0-0: Foul Ball, location: 2F 0-1: Foul Ball, location: 2F 0-2: Strikes out looking
|
Batting: LHB José Antonio Santiago
|
0-0: Called Strike 0-1: Foul Ball, location: 2F 0-2: Ball 1-2: Ball 2-2: Ground out 1-3 (Groundball, 13S)
|
Batting: RHB Earl Wiggins
|
0-0: Ball 1-0: SOLO HOME RUN (Flyball, 7LD), Distance : 373 ft
|
Batting: SHB Martín De Jesús
|
0-0: Ball 1-0: SOLO HOME RUN (Flyball, 7LD), Distance : 363 ft
|
Batting: RHB Pedro Mata
|
0-0: Foul Ball, location: 2F 0-1: Ball 1-1: SINGLE (Groundball, 56) (infield hit)
|
Batting: RHB Augusto Trevino
|
0-0: Ball 1-0: Called Strike 1-1: Called Strike 1-2: Ball 2-2: Strikes out swinging
|
Top of the 3rd over - 2 runs, 3 hits, 0 errors, 1 left on base; So Cal 3 - New Orleans 0 |
BOTTOM OF THE 3RD |
New Orleans Looters batting - Pitching for So Cal Bruins : RHP Riley Johnston
|
Batting: LHB Miguel Colón
|
0-0: Ball 1-0: Ball 2-0: Ball 3-0: Called Strike 3-1: Base on Balls
|
Batting: LHB Eduardo Rodríguez
|
0-0: Called Strike 0-1: Ball 1-1: Reached on error, E5 (Groundball, 56) Miguel Colón to second
|
Batting: SHB Arturo Sánchez
|
0-0: Ball Miguel Colón steals 3rd base Eduardo Rodríguez to second 1-0: Ball 2-0: Ball 3-0: Reached on error, E1 (Groundball, 15S) Miguel Colón scores Eduardo Rodríguez scores
|
Batting: LHB Taylor Smith
|
0-0: Ball 1-0: Fly out, F8 (Flyball, 89M)
|
Batting: SHB Oliver Deleón
|
0-0: Ball 1-0: SINGLE (Groundball, 4MD) Arturo Sánchez to third Runner from 3rd tries for Home, SAFE, throw made home
|
Batting: RHB Ramón Hernández
|
0-0: Ball 1-0: Swinging Strike 1-1: Ground out 5-3 (Groundball, 5S) Oliver Deleón to second
|
Batting: LHB John Hudson
|
0-0: Called Strike 0-1: Ground out 3-1 (Groundball, 2R)
|
Bottom of the 3rd over - 3 runs, 1 hit, 2 errors, 1 left on base; So Cal 3 - New Orleans 3 |
TOP OF THE 4TH |
So Cal Bruins batting - Pitching for New Orleans Looters : LHP Holden Clark
|
Batting: RHB José Delgado
|
0-0: Ball 1-0: Ball 2-0: Fly out, F4 (Line Drive, 4)
|
Batting: SHB Ken Hernández
|
0-0: Foul Ball, location: 2F 0-1: Ball 1-1: Ball 2-1: Ground out 1-3 (Groundball, 13)
|
Batting: RHB William Richardson
|
0-0: Called Strike 0-1: Ball 1-1: Ball 2-1: Ball 3-1: Base on Balls
|
Batting: RHB Greg King
|
0-0: Ball 1-0: Ball 2-0: Swinging Strike 2-1: DOUBLE (Flyball, 89D) William Richardson to third Runner from 3rd tries for Home, SAFE, no throw
|
Batting: LHB José Antonio Santiago
|
0-0: Called Strike 0-1: Ball 1-1: Foul Ball, location: 2F 1-2: Foul Ball, location: 2F 1-2: Foul Ball, location: 2F 1-2: Foul Ball, location: 2F 1-2: Strikes out swinging
|
Top of the 4th over - 1 run, 1 hit, 0 errors, 1 left on base; So Cal 4 - New Orleans 3 |
BOTTOM OF THE 4TH |
New Orleans Looters batting - Pitching for So Cal Bruins : RHP Riley Johnston
|
Batting: RHB Tim Gardner
|
0-0: Ball 1-0: Called Strike 1-1: Ball 2-1: Ground out 4-3 (Groundball, 4S)
|
Batting: RHB Run-ming Zhu
|
0-0: Ball 1-0: Ground out 5-3 (Groundball, 56)
|
Batting: LHB Miguel Colón
|
0-0: Called Strike 0-1: Ball 1-1: Ball 2-1: Ground out 6-3 (Groundball, 6)
|
Bottom of the 4th over - 0 runs, 0 hits, 0 errors, 0 left on base; So Cal 4 - New Orleans 3 |
TOP OF THE 5TH |
So Cal Bruins batting - Pitching for New Orleans Looters : LHP Holden Clark
|
Pitching: RHP Jason MacKnight
|
|
Batting: RHB Earl Wiggins
|
0-0: Ball 1-0: Foul Ball, location: 2F 1-1: Foul Ball, location: 2F 1-2: Foul Ball, location: 2F 1-2: Ball 2-2: Ground out U3 (Groundball, 34S)
|
Batting: SHB Martín De Jesús
|
0-0: SINGLE (Line Drive, 78M)
|
Batting: RHB Pedro Mata
|
0-0: Called Strike 0-1: Ball 1-1: Ground out 5-3 (Groundball, 56) Martín De Jesús to second
|
Batting: RHB Augusto Trevino
|
0-0: Ball 1-0: Foul Ball, location: 2F 1-1: Called Strike 1-2: Foul Ball, location: 2F 1-2: Ball 2-2: Foul Ball, location: 2F 2-2: Fly out, F3 (Popup, 3D)
|
Top of the 5th over - 0 runs, 1 hit, 0 errors, 1 left on base; So Cal 4 - New Orleans 3 |
BOTTOM OF THE 5TH |
New Orleans Looters batting - Pitching for So Cal Bruins : RHP Riley Johnston
|
Batting: LHB Eduardo Rodríguez
|
0-0: Ball 1-0: DOUBLE (Line Drive, 89S)
|
Batting: SHB Arturo Sánchez
|
0-0: Ball 1-0: Foul Ball, location: 2F 1-1: Reached on error, E6 (Groundball, 6) Eduardo Rodríguez to third
|
Batting: LHB Taylor Smith
|
0-0: Ball 1-0: Swinging Strike 1-1: Foul Ball, location: 2F 1-2: Ball 2-2: Fly out, F8 (Flyball, 78D) Runner from 3rd tags up, SCORES, no throw
|
Batting: SHB Oliver Deleón
|
0-0: Swinging Strike 0-1: Foul Ball, location: 2F 0-2: Ground out 3-1 (Groundball, 34S) Arturo Sánchez to second
|
Batting: RHB Ramón Hernández
|
0-0: Called Strike 0-1: Ball 1-1: Ball 2-1: Ball 3-1: Called Strike 3-2: 2-RUN HOME RUN (Flyball, 7LD), Distance : 360 ft
|
Batting: LHB John Hudson
|
0-0: SOLO HOME RUN (Flyball, 9LD), Distance : 348 ft
|
Batting: RHB Tim Gardner
|
0-0: Ground out 1-3 (Groundball, 15S)
|
Bottom of the 5th over - 4 runs, 3 hits, 1 error, 0 left on base; So Cal 4 - New Orleans 7 |
TOP OF THE 6TH |
So Cal Bruins batting - Pitching for New Orleans Looters : RHP Jason MacKnight
|
Batting: RHB José Delgado
|
0-0: Hit by Pitch
|
Batting: SHB Ken Hernández
|
0-0: SINGLE (Groundball, 6MD) José Delgado to second Runner from 2nd tries for 3rd, SAFE, throw made at trailing runner, OUT!
|
Batting: RHB William Richardson
|
0-0: 2-RUN HOME RUN (Flyball, 7LD), Distance : 363 ft
|
Pitching: LHP Dan Rogers
|
|
Batting: RHB Greg King
|
0-0: Ball 1-0: Fly out, F8 (Line Drive, 8LM)
|
Batting: LHB José Antonio Santiago
|
0-0: Swinging Strike 0-1: SINGLE (Groundball, 4D)
|
Batting: RHB Earl Wiggins
|
0-0: Called Strike 0-1: Foul Ball, location: 2F 0-2: Ball Throwing error on steal attempt, E2 José Antonio Santiago to third 1-2: Foul Ball, location: 2F 1-2: Foul Ball, location: 2F 1-2: Foul Ball, location: 2F 1-2: Foul Ball, location: 2F 1-2: Ball 2-2: DOUBLE (Groundball, 5L) José Antonio Santiago scores
|
Batting: SHB Martín De Jesús
|
0-0: DOUBLE (Groundball, 3L) Earl Wiggins scores
|
Pitching: RHP Ienobu Sato
|
|
Batting: RHB Pedro Mata
|
0-0: Called Strike 0-1: Swinging Strike 0-2: Ball 1-2: Ground out 5-3 (Groundball, 5)
|
Top of the 6th over - 4 runs, 5 hits, 1 error, 1 left on base; So Cal 8 - New Orleans 7 |
BOTTOM OF THE 6TH |
New Orleans Looters batting - Pitching for So Cal Bruins : RHP Riley Johnston
|
Pitching: RHP Masahiko Okada
|
|
Batting: RHB Run-ming Zhu
|
0-0: Single, Error in OF, E8, batter to second base
|
Batting: LHB Miguel Colón
|
0-0: Ball 1-0: Ball 2-0: Ball 3-0: Base on Balls
|
Batting: LHB Eduardo Rodríguez
|
0-0: Called Strike 0-1: Foul Ball, location: 2F 0-2: Ball Wild Pitch! Run-ming Zhu to third Miguel Colón to second 1-2: Foul Ball, location: 2F 1-2: Strikes out swinging
|
Batting: SHB Arturo Sánchez
|
0-0: Foul Ball, location: 2F 0-1: Ball 1-1: DOUBLE (Line Drive, 8LD) Run-ming Zhu scores Miguel Colón scores
|
Batting: LHB Taylor Smith
|
0-0: Intentional Walk
|
Batting: SHB Oliver Deleón
|
0-0: Foul Ball, location: 2F 0-1: Swinging Strike 0-2: Strikes out swinging
|
Batting: RHB Ramón Hernández
|
0-0: Called Strike 0-1: Ball 1-1: Ball 2-1: Swinging Strike 2-2: Ground out 1-3 (Groundball, 15S)
|
Bottom of the 6th over - 2 runs, 2 hits, 1 error, 2 left on base; So Cal 8 - New Orleans 9 |
TOP OF THE 7TH |
So Cal Bruins batting - Pitching for New Orleans Looters : RHP Ienobu Sato
|
Batting: RHB Augusto Trevino
|
0-0: Ball 1-0: Foul Ball, location: 2F 1-1: Fly out, F9 (Flyball, 89D)
|
Batting: RHB José Delgado
|
0-0: Ground out 6-3 (Groundball, 56)
|
Batting: SHB Ken Hernández
|
0-0: Swinging Strike 0-1: Ground out 5-3 (Groundball, 5L)
|
Top of the 7th over - 0 runs, 0 hits, 0 errors, 0 left on base; So Cal 8 - New Orleans 9 |
BOTTOM OF THE 7TH |
New Orleans Looters batting - Pitching for So Cal Bruins : RHP Masahiko Okada
|
Pitching: LHP Halewijn Tipping
|
|
Batting: LHB John Hudson
|
0-0: Ground out 4-3 (Groundball, 4)
|
Pitching: RHP Augusto Muńíz
|
|
Batting: RHB Tim Gardner
|
0-0: Called Strike 0-1: Called Strike 0-2: Foul Ball, location: 2F 0-2: Strikes out looking
|
Batting: RHB Run-ming Zhu
|
0-0: Foul Ball, location: 2F 0-1: Foul Ball, location: 2F 0-2: Ball 1-2: Foul Ball, location: 2F 1-2: Ground out 5-3 (Groundball, 56)
|
Bottom of the 7th over - 0 runs, 0 hits, 0 errors, 0 left on base; So Cal 8 - New Orleans 9 |
TOP OF THE 8TH |
So Cal Bruins batting - Pitching for New Orleans Looters : RHP Ienobu Sato
|
Batting: RHB William Richardson
|
0-0: Called Strike 0-1: Ball 1-1: Ball 2-1: Ground out 6-3 (Groundball, 6)
|
Batting: RHB Greg King
|
0-0: Foul Ball, location: 2F 0-1: Called Strike 0-2: SINGLE (Line Drive, 7D)
|
Batting: LHB José Antonio Santiago
|
0-0: Ball 1-0: Foul Ball, location: 2F 1-1: SINGLE (Line Drive, 8RS) Greg King to second
|
Batting: RHB Earl Wiggins
|
0-0: Ball 1-0: Swinging Strike 1-1: Swinging Strike 1-2: Strikes out swinging
|
Batting: SHB Martín De Jesús
|
0-0: Called Strike 0-1: SINGLE (Flyball, 7LS) Greg King to third José Antonio Santiago to second Runner from 3rd tries for Home, SAFE, no throw
|
Pinch Hitting: LHB Jeff Carter
|
0-0: Foul Ball, location: 2F 0-1: Ball 1-1: Called Strike 1-2: Ground out U3 (Groundball, 3)
|
Top of the 8th over - 1 run, 3 hits, 0 errors, 2 left on base; So Cal 9 - New Orleans 9 |
BOTTOM OF THE 8TH |
New Orleans Looters batting - Pitching for So Cal Bruins : RHP Augusto Muńíz
|
Now in CF: Phil Smith
|
|
Batting: LHB Miguel Colón
|
0-0: Ball 1-0: Fly out, F4 (Popup, 4M)
|
Batting: LHB Eduardo Rodríguez
|
0-0: Ball 1-0: Fly out, F9 (Flyball, 9S)
|
Batting: SHB Arturo Sánchez
|
0-0: Ball 1-0: Ball 2-0: Foul Ball, location: 2F 2-1: DOUBLE (Line Drive, 7LM)
|
Batting: LHB Taylor Smith
|
0-0: Called Strike 0-1: Ball 1-1: Swinging Strike 1-2: Ball 2-2: Ground out U3 (Groundball, 3)
|
Bottom of the 8th over - 0 runs, 1 hit, 0 errors, 1 left on base; So Cal 9 - New Orleans 9 |
TOP OF THE 9TH |
So Cal Bruins batting - Pitching for New Orleans Looters : RHP Ienobu Sato
|
Pitching: LHP Juan Méndez
|
|
Batting: RHB Augusto Trevino
|
0-0: Ball 1-0: Foul Ball, location: 2F 1-1: Ball 2-1: Ball 3-1: Foul Ball, location: 2F 3-2: Foul Ball, location: 2F 3-2: Base on Balls
|
Batting: RHB José Delgado
|
0-0: Ball Augusto Trevino steals 2nd base 1-0: Intentional Walk
|
Batting: SHB Ken Hernández
|
0-0: Ball Augusto Trevino steals 3rd base José Delgado to second 1-0: Fly out, F8 (Flyball, 8LS)
|
Batting: RHB William Richardson
|
0-0: Intentional Walk
|
Batting: RHB Greg King
|
0-0: Ball 1-0: Ball 2-0: Ball 3-0: Fly out, F8 (Flyball, 8RXD) Runner from 3rd tags up, SCORES, no throw José Delgado to third
|
Batting: LHB José Antonio Santiago
|
0-0: Fly out, F2 (Popup, 13S)
|
Top of the 9th over - 1 run, 0 hits, 0 errors, 2 left on base; So Cal 10 - New Orleans 9 |
BOTTOM OF THE 9TH |
New Orleans Looters batting - Pitching for So Cal Bruins : RHP Augusto Muńíz
|
Pitching: RHP César Menéndez
|
|
Now at 3B: Alberto Varela
|
|
Batting: SHB Oliver Deleón
|
0-0: Called Strike 0-1: Called Strike 0-2: Ball 1-2: Ball 2-2: Ball 3-2: Foul Ball, location: 2F 3-2: Reached on error, E4 (Groundball, 4)
|
Pinch Runner at 1st Mario Álvarez:
|
|
Batting: RHB Ramón Hernández
|
0-0: SINGLE (Flyball, 78S) Mario Álvarez to second
|
Batting: LHB John Hudson
|
0-0: Ball 1-0: Called Strike 1-1: Ball 2-1: Fly out, F7 (Line Drive, 7)
|
Batting: RHB Tim Gardner
|
0-0: Foul Ball, location: 2F 0-1: Foul Ball, location: 2F 0-2: Foul Ball, location: 2F 0-2: Ball 1-2: Fly out, F8 (Line Drive, 8LD) Runner from 2nd tags up, SAFE at 3rd with throw
|
Batting: RHB Run-ming Zhu
|
0-0: Ball 1-0: Ball 2-0: Foul Ball, location: 2F 2-1: Ball 3-1: Foul Ball, location: 2F 3-2: Foul Ball, location: 2F 3-2: Strikes out looking
|
Bottom of the 9th over - 0 runs, 1 hit, 1 error, 2 left on base; So Cal 10 - New Orleans 9 |
|